 Dungeon Crawl Stone Soup version 0.31-a0-833-gc15d34cb79 (webtiles) character file.

Game seed: 6474325396118302152

50827 snarfax the Severer (level 14, -1/130 HPs)
             Began as a Minotaur Fighter on Sept 25, 2023.
             Was a High Priest of Qazlal.
             Slain by a white draconian stormcaller
             ... wielding a +0 long sword
              (8 damage)
             ... on level 3 of the Abyss.
             The game lasted 00:55:35 (16840 turns).

snarfax the Severer (Minotaur Fighter)             Turns: 16840, Time: 00:55:36

Health: -1/130     AC: 20    Str: 30    XL:     14   Next: 21%
Magic:  20/22      EV:  8    Int:  5    God:    Qazlal [*****.]
Gold:   1209       SH: 12    Dex: 10    Spells: 13/13 levels left

rFire   + . .        H - +1 broad axe (spect)
rCold   + + +        c - +0 buckler
rNeg    . . .        q - +0 plate armour
rPois   .            J - +2 hat
rElec   .            m - scarf {rC+ rF+}
rCorr   .            (no gloves)
SInv    .            T - +1 pair of boots
Will    +....        (no amulet) Stlth
                     y - ring of protection from cold
HPRegen 0.41/turn    I - +6 ring of strength
MPRegen 0.18/turn

%: repel missiles
@: mighty, protected from cold
A: horns 2, retaliatory headbutt, [clumsy 1]
a: Renounce Religion, Upheaval, Elemental Force, Disaster Area


You were on level 3 of the Abyss.
You worshipped Qazlal.
Qazlal was extremely pleased with you.
You visited 2 branches of the dungeon, and saw 16 of its levels.
You visited the Abyss 1 time.
You also visited: Sewer, Bailey, Ice Cave and Volcano.

You collected 1249 gold pieces.
You spent 40 gold pieces at shops.

Inventory:

Hand Weapons
 a - a +0 war axe of flaming
 r - a +4 halberd
 t - the +3 war axe "Nin Log" {freeze, rPois Str-2 Dex+2 Stlth+}
   (You found it on level 6 of the Dungeon)

   Str-2:     It affects your strength (-2).
   Dex+2:     It affects your dexterity (+2).
   rPois:     It protects you from poison Stlth+: It makes you more stealthy.
 H - a +1 spectral broad axe (weapon)
Missiles
 e - 14 boomerangs
 j - 14 poisoned darts
 s - 4 curare-tipped darts (quivered)
 x - 5 javelins
Armour
 c - a +0 buckler (worn)
 g - a +1 cloak
 m - a scarf of resistance (worn)
 q - a +0 plate armour (worn)
 J - a +2 hat (worn)
 T - a +1 pair of boots (worn)
Jewellery
 l - an amulet of faith
 w - a ring of wizardry
 y - a ring of protection from cold (left hand)
 I - a +6 ring of strength (right hand)
 K - the ring of Jealousy {Ice rPois Dex+3}
   (You found it in an ice cave)

   [ring of ice]

   Ice:       It enhances your ice magic.
   Dex+3:     It affects your dexterity (+3).
   rF-:       It makes you vulnerable to fire.
   rC+:       It protects you from cold.
   rPois:     It protects you from poison
 L - a +5 ring of evasion
 R - a ring of willpower
Wands
 p - a wand of paralysis (15)
 u - a wand of acid (8)
 D - a wand of iceblast (3)
 S - a wand of flame (5)
Scrolls
 b - 2 scrolls of blinking
 f - 3 scrolls of noise
 n - a scroll of torment
 A - 3 scrolls of teleportation
 B - 2 scrolls of vulnerability
 C - a scroll of silence
 E - 2 scrolls of fear
 F - 3 scrolls of identify
 M - a scroll of fog
 O - a scroll of summoning
Potions
 d - a potion of might
 h - 5 potions of mutation
 i - 4 potions of enlightenment
 k - 6 potions of brilliance
 o - 3 potions of curing
 v - a potion of ambrosia
 z - 2 potions of haste
 P - 2 potions of berserk rage
 Q - 2 potions of lignification {unknown}


   Skills:
 + Level 13.8 Fighting
 - Level 18.0 Axes
 + Level 13.7 Armour
 - Level 5.0 Shields
 + Level 12.3 Invocations


You had 13 spell levels left.
You didn't know any spells.
Your spell library contained the following spells:

 Spells                   Type           Power      Damage    Failure   Level
 Shock                    Conj/Air       0%         1d3       98%         1
 Ensorcelled Hibernation  Hex/Ice        0%         N/A       99%         2
 Jinxbite                 Hex            0%         N/A       99%         2
 Scorch                   Fire           0%         2d5       99%         2
 Swiftness                Air            0%         N/A       100%        3
 Airstrike                Air            0%         2d(0-16)  100%        4
 Anguish                  Hex/Necr       0%         N/A       100%        4
 Animate Dead             Necr           0%         N/A       100%        4
 Cause Fear               Hex            0%         N/A       100%        4
 Flame Wave               Conj/Fire      0%         2d4       100%        4
 Borgnjor's Vile Clutch   Necr/Erth      0%         N/A       100%        5
 Fireball                 Conj/Fire      0%         3d3       100%        5
 Death Channel            Necr           0%         N/A       100%        6
 Summon Cactus Giant      Summ           0%         N/A       100%        6
 Haunt                    Necr/Summ      0%         N/A       100%        7
 Infestation              Necr           0%         N/A       100%        8
 Dragon's Call            Summ           0%         N/A       100%        9


Dungeon Overview and Level Annotations

Branches:
Dungeon (13/15)            Temple (0/1) D:5            Lair (3/5) D:8
  Swamp (0/4) Lair:3       Spider (0/4) Lair:3          Orc (0/2) D:9
  Sewer (visited)          Bailey (visited)           IceCv (visited)
Volcano (visited)
 Vaults: D:13-14

Altars:
Cheibriados
Dithmenos
Fedhas
Gozag
Hepliaklqana
Kikubaaqudgha
Makhleb
Okawaru
Qazlal
Sif Muna
Uskayaw
Yredelemnul
Zin
The Shining One

Shops:
D:10 *   D:11 *

Annotations:
D:10 Snorg


Innate Abilities, Weirdness & Mutations

You have a pair of horns on your head.
You reflexively headbutt those who attack you in melee.
[You are clumsy. (Dex -2)]


Message History

Qazlal accepts your kill.
The starspawn's tentacles wither and die.
A starcursed mass splits.
You feel the corruption within you wane somewhat.
Your urge to shout disappears.
You feel more energetic.
You feel agile.
You slash the raiju!
You kill the raiju!
Qazlal accepts your kill.
You slash the starcursed mass!
The starcursed mass shudders and is absorbed by its neighbour.
The starcursed mass is engulfed in a thunderstorm.
The starcursed mass shudders and is absorbed by its neighbour.
You hear a horrible gurgling sound!
A tentacle flies out from the starspawn's body!
The starcursed mass is engulfed in blazing flames.
A starcursed mass splits.
The starcursed mass shudders and is absorbed by its neighbour.
A starspawn tentacle comes into view.
A white draconian stormcaller comes into view.
It is wielding a +0 long sword.
The white draconian stormcaller roars!
You hear a horrible gurgling sound!
A basilisk comes into view.
A starspawn tentacle comes into view.
You barely miss the white draconian stormcaller.
You hear a shout!
The basilisk changes into a polar bear!
The white draconian stormcaller breathes frost at you.
The blast of cold hits you! You resist.
Your resistance to physical damage fades away.
You feel protected from cold.
* * * LOW HITPOINT WARNING * * *
The white draconian stormcaller attacks as it pursues you!
The white draconian stormcaller hits you with a +0 long sword!
* * * LOW HITPOINT WARNING * * *
You slash the white draconian stormcaller!
You headbutt the white draconian stormcaller!
The white draconian stormcaller is moderately wounded.
Your +1 spectral broad axe hits the white draconian stormcaller!!
You hear a bark!
The white draconian stormcaller hits you with a +0 long sword!
You die...

# #.# # ### .
.## . . ....# #.
....#h # #
#...§##. ..
##.#. #. ..#─X#
)..#.#.. # #
###<##. . #...#
. .
♣♣..#\#ΛX###...#
..~~ .#V.──.#.#
. ~ .~..# †##q#
## .#. #.│#(@#
.. §#
##.#.##...# . .#
>... ...# .#.#
#. #..#.# ## # #
.## #### ○


You could see a white draconian stormcaller (catching breath), a polar bear
shaped shifter and a friendly +1 spectral broad axe.

Vanquished Creatures
  Rupert (D:12)
  A tentacled starspawn (Abyss:3)
  2 hydras (Lair:3)
  2 two-headed ogres
  2 wretched stars (Abyss:3)
  3 skysharks
  Pikel (D:7)
  2 wizards (Volcano)
  2 manticores (D:11)
  A cyclops (D:12)
  3 ugly things
  A will-o-the-wisp (Abyss:3)
  An orc sorcerer (Abyss:3)
  A worldbinder (Abyss:3)
  2 toenail golems (Volcano)
  10 elephants (Lair:3)
  3 ice statues (IceCv)
  3 black mambas
  A smoke demon (Abyss:3)
  7 cane toads
  3 rime drakes
  A hellion (Abyss:3)
  4 kobold demonologists (D:12)
  An efreet (Abyss:3)
  13 komodo dragons
  2 trolls
  2 raiju (Abyss:3)
  A polar bear (Lair:2)
  Grinder (D:6)
  3 blink frogs (Lair:1)
  8 slime creatures
  Prince Ribbit (D:6)
  A vampire (D:10)
  A wraith (D:10)
  A water elemental (D:12)
  5 wyverns
  A ynoxinul (Abyss:3)
  38 yaks
  3 basilisks
  A neqoxec (Abyss:3)
  2 steam dragons
  2 death yak simulacra (IceCv)
  3 starcursed masses (Abyss:3)
  3 redbacks (Lair:3)
  15 vampire mosquitoes
  4 wargs (D:11)
  2 harpy simulacra (IceCv)
  An acid dragon (D:9)
  10 water moccasins
  A hydra simulacrum (IceCv)
  Duvessa (D:6)
  2 ice beasts
  19 orc warriors
  2 sky beasts (D:7)
  An ogre (D:6)
  6 centaurs
  14 wolves
  A lemure (D:7)
  2 phantoms (D:5)
  2 kobold brigands
  14 bullfrogs
  A gnoll sergeant (D:7)
  A cane toad simulacrum (IceCv)
  2 scorpions
  11 wights
  Dowan (D:5)
  An elephant simulacrum (IceCv)
  5 electric eels
  5 howler monkeys
  3 hounds
  6 orc priests
  A gnoll bouda (D:9)
  3 jellies
  Crazy Yiuf (D:2)
  Terence (D:3)
  Jessica (D:2)
  3 iguanas
  18 orc wizards
  Natasha (thrice) (D:4)
  6 hell rats (Lair:3)
  A polar bear simulacrum (IceCv)
  22 gnolls
  9 adders
  A river rat (Sewer)
  A shadow imp (D:6)
  3 ufetubi
  4 dart slugs
  92 orcs
  2 ball pythons
  4 bats (D:1)
  4 endoplasms
  A giant cockroach (D:4)
  12 goblins
  4 hobgoblins
  6 jackals
  10 kobolds
  5 quokkas
  2 frilled lizards
  9 rats
  A spectral weapon (D:12)
  A starspawn tentacle (Abyss:3)
514 creatures vanquished.

Vanquished Creatures (collateral kills)
  Erica (D:9)
1 creature vanquished.

Vanquished Creatures (others)
  An adder (D:6)
  3 orcs (D:9)
  2 foxfires (Abyss:3)
  A spectral weapon (IceCv)
  5 starspawn tentacles (Abyss:3)
12 creatures vanquished.

Grand Total: 527 creatures vanquished

Notes
Turn   | Place    | Note
-------+----------+-------------------------------------------
     0 | D:1      | snarfax the Minotaur Fighter began the quest for the Orb.
     0 | D:1      | Reached XP level 1. HP: 19/19 MP: 0/0
   137 | D:1      | Reached skill level 3 in Axes
   137 | D:1      | Reached XP level 2. HP: 24/26 MP: 1/1
   666 | D:1      | Reached XP level 3. HP: 29/31 MP: 2/2
  1003 | D:2      | Noticed Jessica
  1007 | D:2      | Killed Jessica
  1008 | D:2      | Reached skill level 4 in Axes
  1037 | D:2      | Found a runed translucent door.
  1038 | D:2      | Noticed Crazy Yiuf
  1044 | D:2      | Killed Crazy Yiuf
  1045 | D:2      | Reached skill level 5 in Shields
  1045 | D:2      | Reached XP level 4. HP: 23/39 MP: 3/3
  1228 | D:3      | Noticed Terence
  1235 | D:3      | Killed Terence
  1236 | D:3      | Reached skill level 5 in Axes
  1306 | D:3      | Found a basalt altar of Yredelemnul.
  1412 | D:3      | Found a hide-covered altar of Uskayaw.
  1573 | D:3      | Found a stormy altar of Qazlal.
  1581 | D:3      | Became a worshipper of Qazlal Stormbringer
  1910 | D:4      | Reached XP level 5. HP: 45/45 MP: 4/4
  1960 | D:4      | Noticed Natasha
  1963 | D:4      | Killed Natasha
  2042 | D:4      | Reached skill level 6 in Axes
  2215 | D:4      | Noticed Natasha
  2226 | D:4      | Reached XP level 6. HP: 48/51 MP: 5/5
  2230 | D:4      | Reached skill level 7 in Axes
  2235 | D:4      | Killed Natasha
  2312 | D:4      | Noticed Natasha
  2319 | D:4      | Killed Natasha
  2319 | D:4      | Reached * piety under Qazlal
  2669 | D:5      | Entered Level 5 of the Dungeon
  2675 | D:5      | Reached skill level 8 in Axes
  2823 | D:5      | Reached XP level 7. HP: 53/57 MP: 6/6
  2826 | D:5      | Reached skill level 9 in Axes
  2845 | D:5      | Found a glowing drain.
  2877 | Sewer    | Entered a sewer
  2941 | Sewer    | Reached skill level 1 in Invocations
  3026 | Sewer    | Found a white marble altar of Elyvilon.
  3148 | D:5      | Found a staircase to the Ecumenical Temple.
  3230 | D:5      | Reached ** piety under Qazlal
  3767 | D:5      | Reached skill level 10 in Axes
  3767 | D:5      | Reached XP level 8. HP: 19/64 MP: 9/9
  3942 | D:6      | Identified the +3 war axe "Nin Log" {freeze, rPois Str-2
                  | Dex+2 Stlth+}
  4159 | D:6      | Noticed Grinder
  4175 | D:6      | Killed Grinder
  4176 | D:6      | Reached skill level 11 in Axes
  4176 | D:6      | Reached skill level 5 in Invocations
  4264 | D:6      | Noticed Prince Ribbit
  4272 | D:6      | Killed Prince Ribbit
  4273 | D:6      | Reached skill level 12 in Axes
  4323 | D:6      | Reached XP level 9. HP: 54/70 MP: 11/11
  4389 | D:6      | Found an ancient bone altar of Kikubaaqudgha.
  4528 | D:6      | Noticed Duvessa
  4528 | D:6      | Noticed Dowan
  4545 | D:6      | Killed Duvessa
  4559 | D:5      | Killed Dowan
  5263 | D:7      | Reached skill level 13 in Axes
  5275 | D:7      | Reached *** piety under Qazlal
  5556 | D:7      | Identified the +6 dagger of Taxation {freeze, rPois rN+
                  | Dex-3 SInv}
  5786 | D:7      | Reached skill level 14 in Axes
  5786 | D:7      | Found a burning altar of Makhleb.
  5787 | D:7      | Found an iron altar of Okawaru.
  5787 | D:7      | Found an opulent altar of Gozag.
  5796 | D:7      | Found a shadowy altar of Dithmenos.
  5832 | D:7      | Noticed Pikel
  5852 | D:7      | Killed Pikel
  5945 | D:7      | Reached skill level 15 in Axes
  6081 | D:7      | Found a shimmering blue altar of Sif Muna.
  6081 | D:7      | Found a glowing golden altar of the Shining One.
  6245 | D:8      | Found a flagged portal.
  6281 | Bailey   | Entered a bailey
  6607 | Bailey   | Reached XP level 10. HP: 66/77 MP: 12/12
  7016 | Bailey   | Reached skill level 16 in Axes
  8153 | D:8      | Reached **** piety under Qazlal
  8270 | D:8      | Found a staircase to the Lair.
  8291 | D:8      | Reached skill level 17 in Axes
  8920 | D:9      | Noticed a two-headed ogre
  9025 | D:9      | Identified the +2 falchion "Cuoc Xen" {antimagic, rPois
                  | Int+3}
  9179 | D:9      | Found a staircase to the Orcish Mines.
  9246 | D:9      | Found a blossoming altar of Fedhas.
  9610 | D:9      | Killed a two-headed ogre
  9611 | D:9      | Reached skill level 5 in Fighting
  9611 | D:9      | Reached skill level 5 in Armour
  9703 | D:9      | Reached XP level 11. HP: 88/88 MP: 14/14
  9985 | D:10     | Entered Level 10 of the Dungeon
  9991 | D:10     | Noticed Erica
 10115 | D:9      | Killed Erica
 10317 | D:10     | Found a snail-covered altar of Cheibriados.
 10503 | D:10     | Found Cadu's Lightly-Used Armoury.
 10706 | D:10     | Reached ***** piety under Qazlal
 11071 | D:10     | Noticed Snorg
 11214 | D:10     | Found a hazy altar of Hepliaklqana.
 11278 | D:10     | Found a glowing silver altar of Zin.
 11350 | D:11     | Found a frozen archway.
 11357 | D:11     | Reached skill level 18 in Axes
 11410 | IceCv    | Entered an ice cave
 11604 | IceCv    | Noticed a white ugly thing
 11619 | IceCv    | Killed a white ugly thing
 11753 | IceCv    | Noticed a white ugly thing
 11768 | IceCv    | Killed a white ugly thing
 11782 | IceCv    | Identified the +2 cloak "Cotwie" {rC+ rN+ Will-}
 11786 | IceCv    | Identified the ring of Jealousy {Ice rPois Dex+3}
 11932 | D:11     | Reached XP level 12. HP: 82/103 MP: 15/17
 12166 | D:11     | Found Ujog's Assorted Antiques.
 12176 | D:11     | Bought a scroll labelled PEFORO ZAMOI for 20 gold pieces
 12176 | D:11     | Bought a scroll labelled KUTOIK JOSUI for 20 gold pieces
 12709 | D:12     | Noticed a two-headed ogre
 12712 | D:12     | Killed a two-headed ogre
 12818 | D:12     | Noticed Rupert
 12862 | D:12     | Killed Rupert
 13699 | D:12     | Reached skill level 10 in Fighting
 13703 | D:12     | Reached skill level 10 in Armour
 14100 | D:13     | Noticed a boulder beetle
 14103 | D:13     | Noticed a five-headed hydra
 14105 | D:13     | Noticed a centaur warrior
 14105 | D:13     | Noticed a boulder beetle
 14243 | Lair:1   | Entered Level 1 of the Lair of Beasts
 14271 | Lair:1   | Reached skill level 10 in Invocations
 14387 | Lair:1   | Reached XP level 13. HP: 109/116 MP: 19/19
 15201 | Lair:2   | Reached ****** piety under Qazlal
 16224 | Lair:3   | Found a hole to the Spider Nest.
 16421 | Lair:3   | Found a staircase to the Swamp.
 16662 | Lair:3   | Found a dark tunnel.
 16670 | Volcano  | Entered a volcano
 16681 | Volcano  | Reached XP level 14. HP: 124/129 MP: 21/21
 16711 | Abyss:3  | Cast into level 3 of the Abyss (a wizard)
 16825 | Abyss:3  | Noticed a tentacled starspawn
 16831 | Abyss:3  | HP: 5/130 [tentacled starspawn (16)]
 16832 | Abyss:3  | Noticed a tentacled starspawn
 16834 | Abyss:3  | Killed a tentacled starspawn
 16837 | Abyss:3  | Noticed a white draconian stormcaller
 16839 | Abyss:3  | HP: 6/130 [white draconian stormcaller/+0 long sword (11)]
 16840 | Abyss:3  | Slain by a white draconian stormcaller

Illustrated notes

Levels and vault maps discovered:
D:1:      reono_arrival_forest_river, layout_basic, moated_statue,
          minmay_tromino_mix6
D:2:      layout_rooms, uniq_crazy_yiuf_cottage, uniq_jessica
D:3:      layout_loops_ring, mainiacjoe_overflow_concentric_impassable,
          grunt_temple_overflow_open, uniq_terence
D:4:      layout_basic, uniq_natasha
D:5:      layout_loops_ring, minmay_temple_entry_glass, gup_sewer_entry_glass
D:6:      layout_loops_ring, mainiacjoe_overflow_chevrons, nrook_uturn,
          uniq_grinder, uniq_duvessa, uniq_prince_ribbit1
D:7:      layout_loops_ring, chequers_temple_overflow_statue_of_worship,
          gammafunk_temple_overflow_statue, uniq_pikel
D:8:      layout_loops_cross, david_lair_shrubbed, lightli_bailey_entry_fortress
D:9:      layout_roguey [special_room_orc], fedhas_ov_isle_minmay, david_orc_4,
          interstate_on_off, corner_web_ring
D:10:     layout_irregular_city, mainiacjoe_overflow_alcove_2, zin_scriptorium,
          lemuel_doored_altar, minmay_shop_damaged, amethyst_killhole,
          fungi_pond_lemuel, minivault_21, uniq_erica, uniq_snorg
D:11:     layout_loops_cross, serial_shops, shop, portal_ice_cave_rime,
          nooodl_orcs_dogs
D:12:     layout_basic, uniq_rupert
D:13:     cheibrodos_elevator_heist, layout_cave_pools, david_vaults_5,
          serial_shops, nicolae_shop_drivethru, uniq_azrael, uniq_lodul
Lair:1:   layout_hall_layers, grunt_megastairs_3
Lair:2:   layout_roguey, serial_bayou_lagoon_a, grunt_megastairs_5,
          serial_bayou_shore_b
Lair:3:   layout_regular_city, minmay_swamp_entry_swarm, spider_nest_entry_webs,
          lightli_volcano_entry_magma_tube
Abyss:3:  base: D:7, spicy_abyss_helpful_harpoons
Volcano:  volcano_bunker

Skill      XL: |  1  2  3  4  5  6  7  8  9 10 11 12 13 14 |
---------------+-------------------------------------------+-----
Shields        | 4 5 |  5.0
Axes           | 3 4 5 6 8 10 12 15 17 18 | 18.0
Invocations    | 3 5 8 10 11 12 | 12.3
Fighting       | 5 8 11 13 | 13.8
Armour         | 5 8 11 13 | 13.7

Action                     |  1- 3 |  4- 6 |  7- 9 | 10-12 | 13-15 || total
---------------------------+-------+-------+-------+-------+-------++-------
  Melee: War axe           |    56 |   112 |   259 |   334 |    27 ||   788
         Headbutt          |     6 |    11 |    36 |    97 |    53 ||   203
         Broad axe         |       |       |       |   218 |   183 ||   401
  Throw: Dart              |       |     3 |    13 |     3 |       ||    19
         Boomerang         |       |       |    18 |     4 |       ||    22
 Invoke: Upheaval          |       |       |     2 |     2 |     4 ||     8
         Elemental Force   |       |       |       |     1 |       ||     1
         Disaster Area     |       |       |       |       |     1 ||     1
    Use: Scroll            |     6 |       |     8 |    10 |     1 ||    25
         Potion            |       |       |       |     8 |     7 ||    15
   Stab: Distracted        |       |       |       |     4 |     3 ||     7
 Armour: Scale mail        |    36 |    88 |    29 |       |       ||   153
         Chain mail        |       |       |   129 |   185 |       ||   314
         Plate armour      |       |       |       |   145 |   142 ||   287
  Dodge: Dodged            |    21 |    47 |    81 |   111 |    27 ||   287
         Repelled          |       |       |       |     3 |     2 ||     5
  Block: Buckler           |    14 |    24 |   110 |   179 |    82 ||   409

Table legend: (Time is in decaauts)
 A = Elapsed time spent in this place.
 B = Non-inter-level travel time spent in this place.
 C = Inter-level travel time spent in this place.
 D = Time resting spent in this place.
 E = Time spent auto-exploring this place.
 F = Levels seen in this place.
 G = Mean time per level.
                   A        B        C        D        E       F      G
               +--------+--------+--------+--------+--------+-----+--------+
         Total |  16751 |  16092 |    659 |   2246 |  10290 |  21 |  797.7 |
       Dungeon |  12210 |  11667 |    543 |   1283 |   8348 |  13 |  939.2 |
          Lair |   2374 |   2258 |    116 |     81 |   1519 |   3 |  791.3 |
         Abyss |    117 |    117 |      0 |      0 |     46 |   1 |  117.0 |
         Sewer |    226 |    226 |      0 |      0 |    144 |   1 |  226.0 |
        Bailey |   1376 |   1376 |      0 |    653 |    220 |   1 | 1376.0 |
      Ice Cave |    407 |    407 |      0 |    229 |      0 |   1 |  407.0 |
       Volcano |     39 |     39 |      0 |      0 |     13 |   1 |   39.0 |
               +--------+--------+--------+--------+--------+-----+--------+

Top non-repeatable levels by time:
     D:9: 1564 daAuts
    D:12: 1384 daAuts
  Bailey: 1376 daAuts
     D:5: 1204 daAuts
     D:8: 1182 daAuts
     D:6: 1121 daAuts
  Lair:2: 1041 daAuts
    D:11: 1025 daAuts
    D:10: 989 daAuts
     D:4: 920 daAuts
     D:7: 913 daAuts
  Lair:1: 822 daAuts
     D:1: 758 daAuts
     D:3: 661 daAuts
  Lair:3: 511 daAuts
